Map: Romanticide LE

Players

souL - Winner!

  • Race: Terran Terran

DnS

  • Race: Protoss Protoss

Event: DreamHack SC2 Masters 2021 Fall

VOD

Have the link to the VOD?

Description

Time

  • Played on: July 31, 2021, 12:28 p.m.
  • Length: 24:43

All games in this series

Show
View Real Time Build Order
Export as new Build Order

souL Terran - Winner!

Build Orders:  

Get SALT Encoding   

  12  0:00  SCV  
  13  0:12  SCV  
  14  0:17  Supply Depot  
  14  0:24  SCV  
  15  0:38  SCV  
  15  0:40  Barracks  
  16  0:43  Refinery  
  16  0:50  SCV  
  17  1:03  SCV  
  18  1:17  SCV  
  19  1:28  Marine  
  19  1:29  Orbital Command  
  20  1:39  Command Center  
  20  1:50  Factory  
  20  1:55  SCV  
  21  2:02  Supply Depot  
  21  2:03  Barracks Reactor  
  21  2:07  SCV  
  22  2:12  Bunker  
  22  2:18  Refinery  
  22  2:21  SCV  
  23  2:33  SCV  
  24  2:42  Starport  
  24  2:45  SCV  
  24  2:46  Hellion x2  
  29  2:55  Orbital Command  
  29  2:58  SCV  
  30  3:07  Widow Mine x2  
  30  3:10  Barracks Tech Lab  
  30  3:12  SCV  
  35  3:18  Medivac  
  37  3:23  Supply Depot  
  37  3:24  SCV  
  38  3:29  Widow Mine  
  38  3:31  Widow Mine  
  38  3:32  SCV  
  41  3:36  SCV  
  42  3:44  Supply Depot, SCV  
  43  3:48  SCV  
  44  3:56  SCV  
  44  4:00  SCV, Barracks  
  44  4:01  Marine x2  
  48  4:03  Raven, Factory Tech Lab  
  48  4:08  SCV, Supply Depot  
  51  4:12  SCV  
  52  4:18  Marine  
  52  4:19  Marine  
  52  4:20  SCV  
  55  4:25  SCV  
  55  4:26  Supply Depot  
  59  4:32  SCV  
  59  4:36  Marine x2  
  59  4:37  SCV  
  61  4:44  SCV  
  58  4:46  Viking  
  58  4:47  Cyclone  
  58  4:49  Marine, SCV  
  62  4:56  SCV  
  57  5:00  Marine x2  
  57  5:01  SCV, Command Center  
  57  5:02  Supply Depot  
  60  5:08  SCV  
  60  5:11  Refinery  
  60  5:12  Refinery, Barracks  
  60  5:14  SCV  
  62  5:19  Cyclone  
  65  5:21  SCV  
  65  5:25  Marine x3, Stimpack  
  69  5:30  SCV  
  69  5:32  Viking  
  72  5:39  SCV, Supply Depot  
  73  5:43  Marine  
  73  5:44  Engineering Bay  
  73  5:45  Marine x2, Engineering Bay  
  74  5:51  SCV  
  74  5:53  Siege Tank  
  74  5:56  SCV  
  79  6:02  Barracks Tech Lab  
  79  6:03  Starport Reactor  
  79  6:05  Barracks  
  79  6:07  SCV  
  79  6:09  Barracks  
  80  6:11  Terran Infantry Weapons Level 1, Missile Turret  
  80  6:13  Terran Infantry Armor Level 1  
  80  6:16  Orbital Command  
  80  6:18  SCV  
  80  6:19  SCV  
  82  6:25  Siege Tank  
  82  6:30  Missile Turret  
  82  6:31  SCV  
  86  6:35  Combat Shield  
  86  6:36  Marine, Marauder x2  
  86  6:38  Marine  
  92  6:43  Supply Depot  
  92  6:44  Supply Depot  
  92  6:45  SCV  
  93  6:50  Orbital Command  
  93  6:51  SCV  
  93  6:55  Marine  
  93  6:57  SCV, Marauder  
  93  6:58  Barracks Reactor, Barracks Tech Lab  
  97  7:01  Missile Turret  
  97  7:04  Supply Depot  
  97  7:05  Bunker, Supply Depot  
  97  7:06  SCV, Supply Depot  
  98  7:11  Marine, Marauder  
  98  7:14  Marine  
  98  7:15  SCV  
  100  7:17  SCV  
  100  7:19  Marine, Marauder  
  100  7:20  SCV  
  103  7:23  Medivac  
  103  7:27  Concussive Shells, Medivac  
  103  7:28  Marine, SCV  
  109  7:34  Marine, Refinery, Marauder  
  109  7:35  Refinery  
  113  7:37  SCV  
  113  7:39  SCV  
  113  7:40  Marauder  
  113  7:42  Marauder  
  118  7:44  Factory Reactor  
  118  7:48  SCV  
  119  7:53  Medivac  
  119  7:55  Marine  
  119  7:56  Marauder  
  124  8:01  Medivac  
  124  8:02  Armory, Marauder  
  124  8:03  Supply Depot x2  
  128  8:06  Marine, Marauder  
  128  8:10  Marine  
  131  8:16  SCV  
  131  8:17  Marauder  
  131  8:18  Command Center  
  134  8:22  SCV x2  
  134  8:23  Medivac, Marauder  
  134  8:28  SCV  
  134  8:31  Medivac  
  131  8:34  SCV x2, Marauder  
  131  8:38  Marine, Widow Mine, Marauder  
  131  8:40  SCV  
  139  8:45  Marine, Ghost Academy, Marauder  
  139  8:46  SCV  
  139  8:47  SCV  
  143  8:49  Marine  
  143  8:51  Marine  
  143  8:53  SCV, Medivac  
  146  8:55  Marauder  
  146  8:57  Widow Mine  
  146  8:58  Marine  
  146  8:59  SCV x2  
  146  9:00  Marauder  
  146  9:01  Medivac, Missile Turret  
  150  9:03  Marine  
  150  9:06  Marauder  
  150  9:07  Widow Mine  
  150  9:13  Marine  
  150  9:14  Marine  
  152  9:17  Marauder  
  152  9:18  Marine  
  152  9:21  Marine, Marauder  
  152  9:23  Medivac  
  152  9:28  Marauder  
  152  9:31  Widow Mine x2, Medivac  
  156  9:35  Marine  
  156  9:38  Marine, Marauder  
  155  9:40  Marine  
  155  9:42  Marine  
  155  9:43  Marauder  
  139  9:49  Marine, Orbital Command  
  139  9:52  Orbital Command  
  128  9:53  Widow Mine, Medivac  
  128  9:57  Marine  
  125  10:01  Medivac  
  125  10:05  Marine  
  124  10:40  Supply Depot  
  124  10:43  Widow Mine  
  124  10:46  Ghost x2  
  124  10:47  Viking, Widow Mine  
  124  10:48  Viking, Ghost  
  123  10:52  Marine  
  123  10:55  Marine  
  125  11:01  Marine  
  125  11:02  Marine  
  127  11:04  Widow Mine  
  127  11:09  Widow Mine  
  131  11:12  Marine  
  131  11:13  Supply Depot  
  131  11:15  Supply Depot  
  131  11:16  Marauder x2  
  128  11:18  Marine  
  128  11:19  Marauder  
  128  11:20  Marine  
  128  11:25  Marine  
  133  11:30  Marine  
  130  11:36  Marine x2  
  130  11:38  Marine  
  122  11:40  Marine  
  122  11:42  Widow Mine  
  51  12:51  Orbital Command  
  51  13:07  Barracks Tech Lab  
  51  13:09  Barracks Tech Lab  
  51  13:13  Marine  
  51  13:17  SCV  
  53  13:28  Marauder  
  53  13:29  Marine, SCV, Marauder  
  53  13:33  Marine  
  60  13:35  Marine  
  61  13:42  SCV  
  61  13:46  Supply Depot  
  61  13:48  Supply Depot  
  62  13:54  Orbital Command  
  62  14:01  Marauder  
  62  14:07  Marine x2  
  62  14:08  Marauder  
  62  14:09  Marine  
  67  14:23  Marauder  
  67  14:25  Marine  
  67  14:26  Marine  
  69  14:49  Marine, Marauder x2  
  69  14:50  Orbital Command  
  66  14:55  Marine  
  67  15:10  SCV  
  67  15:18  Marine  
  56  15:31  Marine  
  56  15:32  Refinery  
  57  15:48  SCV  
  53  15:58  SCV  
  54  16:16  SCV  
  27  16:37  Marine  
  26  17:02  Marine  
  26  17:03  Marine  
  28  17:09  Marine  
  27  17:15  SCV x2  
  29  17:27  SCV  
  29  17:28  SCV  
  25  17:40  SCV  
  25  17:42  Marauder  
  25  17:43  SCV  
  26  17:52  SCV  
  26  17:55  SCV  
  28  18:04  SCV  
  24  18:07  SCV  
  25  18:13  Marine  
  25  18:16  SCV  
  27  18:26  SCV  
  26  18:27  Factory  
  26  18:28  SCV  
  27  18:39  SCV  
  19  19:04  SCV  
  19  19:07  Refinery  
  19  19:09  Marine x2  
  22  19:10  Marine  
  22  19:13  Orbital Command  
  22  19:16  SCV  
  24  19:17  Widow Mine  
  26  19:28  SCV  
  27  19:38  Widow Mine  
  27  19:40  SCV x2  
  28  19:52  Marine x5  
  32  19:58  SCV  
  28  20:10  Marine, SCV  
  28  20:22  SCV  
  27  21:04  Orbital Command  
  21  21:38  SCV, Bunker  
  22  21:52  Orbital Command  
  16  22:05  Orbital Command  
  12  22:24  Marine x2, Marauder  
  16  22:42  Marine x2  
  16  22:43  Orbital Command  
  18  22:45  Marine  
  16  22:57  SCV  
  17  23:17  Orbital Command  
  12  23:46  SCV  
  12  23:47  Orbital Command  
  13  23:48  Barracks Tech Lab  
  13  23:57  Barracks Tech Lab  
  13  24:14  Marauder  
  17  24:17  Marauder  
  17  24:18  Marine  
Show
View Real Time Build Order
Export as new Build Order

DnS Protoss 

Build Orders: 1 Gate Expand, Phoenix Opening, Zealot Archon, Colossus Rush 

Get SALT Encoding   

  12  0:00  Probe  
  13  0:12  Probe  
  14  0:17  Pylon  
  14  0:24  Probe (Chrono Boost)  
  15  0:36  Gateway, Probe (Chrono Boost)  
  16  0:44  Probe (Chrono Boost)  
  16  0:46  Assimilator  
  17  0:51  Probe  
  18  1:03  Probe  
  19  1:15  Probe  
  20  1:24  Cybernetics Core  
  20  1:33  Nexus  
  20  1:36  Probe  
  21  1:42  Pylon  
  21  1:48  Probe  
  21  1:50  Assimilator  
  22  1:58  Adept (Chrono Boost)  
  22  2:00  Probe  
  25  2:12  Probe  
  26  2:17  Stargate  
  26  2:25  Probe (Chrono Boost)  
  26  2:26  Stalker  
  29  2:35  Warp Gate  
  29  2:36  Probe (Chrono Boost)  
  30  2:43  Probe (Chrono Boost)  
  31  2:45  Probe (Chrono Boost)  
  33  2:51  Gateway  
  33  2:54  Probe (Chrono Boost)  
  33  2:55  Probe (Chrono Boost)  
  34  2:59  Sentry  
  34  3:02  Probe  
  34  3:03  Probe  
  38  3:11  Phoenix (Chrono Boost)  
  40  3:14  Probe  
  40  3:15  Probe  
  42  3:20  Pylon  
  42  3:26  Shield Battery, Probe  
  43  3:27  Probe  
  43  3:38  Phoenix, Probe  
  43  3:39  Probe  
  46  3:46  Assimilator  
  46  3:47  Assimilator  
  46  3:50  Pylon, Probe  
  46  3:51  Probe  
  46  3:54  Robotics Facility  
  48  4:03  Probe  
  48  4:04  Probe  
  48  4:07  Phoenix (Chrono Boost)  
  48  4:09  Pylon  
  52  4:15  Probe  
  52  4:16  Probe  
  54  4:23  Phoenix  
  54  4:27  Probe  
  54  4:28  Probe  
  57  4:39  Probe  
  57  4:43  Probe  
  58  4:51  Probe, Robotics Bay  
  59  4:55  Phoenix, Probe  
  62  5:01  Nexus  
  62  5:06  Probe  
  63  5:11  Pylon  
  63  5:15  Observer (Chrono Boost), Probe  
  63  5:18  Probe  
  66  5:21  Pylon  
  66  5:23  Pylon  
  66  5:25  Phoenix  
  66  5:27  Probe  
  69  5:30  Probe  
  69  5:35  Colossus (Chrono Boost)  
  71  5:39  Probe  
  77  5:49  Probe  
  78  5:51  Twilight Council  
  78  5:52  Forge  
  78  5:53  Probe  
  78  5:54  Shield Battery  
  78  5:55  Observer  
  79  6:02  Extended Thermal Lance  
  79  6:05  Probe  
  79  6:06  Probe  
  79  6:07  Phoenix  
  83  6:14  Pylon  
  83  6:15  Probe  
  84  6:20  Colossus (Chrono Boost)  
  84  6:21  Pylon  
  84  6:23  Charge (Chrono Boost)  
  84  6:25  Protoss Ground Weapons Level 1 (Chrono Boost), Probe  
  91  6:26  Probe  
  91  6:27  Probe  
  93  6:40  Gateway  
  93  6:42  Gateway  
  93  6:43  Gateway  
  93  6:46  Gateway  
  93  6:51  Gateway  
  93  6:55  Gateway  
  93  6:57  Templar Archives  
  93  7:00  Probe x3  
  96  7:05  Assimilator  
  96  7:06  Assimilator  
  96  7:16  Probe x2  
  96  7:17  Zealot x2  
  96  7:18  Colossus (Chrono Boost)  
  104  7:23  Probe  
  104  7:26  Pylon  
  104  7:28  Probe  
  104  7:29  Probe  
  107  7:33  Gateway  
  107  7:35  Gateway  
  107  7:37  Observer  
  107  7:41  High Templar x2  
  111  7:45  Nexus  
  111  7:47  Archon  
  111  7:49  Zealot x3  
  117  7:55  Pylon  
  117  8:05  Warp Prism  
  117  8:11  Zealot x4  
  127  8:14  Phoenix  
  127  8:17  Zealot  
  127  8:18  Zealot  
  133  8:24  Blink  
  125  8:34  High Templar x4  
  125  8:36  Pylon  
  125  8:37  Pylon  
  125  8:38  Pylon x2, Archon  
  125  8:39  Archon  
  133  8:54  Nexus  
  133  8:56  Pylon  
  131  9:07  Zealot x10  
  136  9:31  High Templar x3  
  127  9:32  High Templar  
  127  9:36  Archon  
  127  9:37  Archon  
  123  9:46  Pylon x2  
  109  9:56  Observer  
  89  10:23  Stalker x3  
  90  10:31  Pylon  
  88  10:37  Pylon  
  86  10:44  Probe x3  
  89  10:54  High Templar x2, Zealot x5  
  89  10:55  Zealot x2  
  89  10:56  Probe x2  
  109  10:58  Archon  
  109  11:00  Probe  
  110  11:08  Probe x2  
  100  11:46  Stalker  
  87  12:01  Nexus  
  87  12:05  Phoenix  
  80  12:09  Pylon  
  64  12:39  Pylon  
  61  13:16  Shield Battery  
  61  13:18  Pylon  
  61  13:22  Probe  
  62  13:35  Probe  
  63  13:48  Probe (Chrono Boost)  
  64  13:57  Probe (Chrono Boost)  
  64  14:02  Probe (Chrono Boost)  
  66  14:30  Gateway  
  66  14:31  Gateway  
  38  15:29  Zealot x2  
  38  15:30  Probe  
  38  15:32  Pylon  
  43  15:36  Pylon  
  43  15:45  Probe  
  44  15:55  Zealot x2  
  48  15:58  Probe  
  49  16:21  Zealot x2  
  41  16:48  Zealot x2  
  41  16:50  Probe  
  36  17:11  Probe  
  37  17:16  Zealot x2  
  37  17:24  Probe  
  30  17:46  Zealot x2  
  30  18:09  Zealot x2  
  28  18:16  Probe (Chrono Boost)  
  29  18:26  Probe (Chrono Boost)  
  30  18:32  Zealot  
  32  18:42  Zealot  
  32  18:46  Probe  
  31  19:03  Probe  
  32  19:17  Probe (Chrono Boost)  
  33  19:27  Probe (Chrono Boost)  
  34  19:32  Probe (Chrono Boost)  
  35  19:40  Zealot  
  35  19:48  Zealot  
  37  19:53  Probe  
  36  20:09  Probe  
  37  20:23  Zealot x2  
  41  20:32  Probe  
  40  20:47  Probe  
  31  21:01  Pylon  
  29  21:18  Probe  
  30  21:43  Probe  
  28  22:15  Zealot  
  22  22:56  Pylon  

Tags
 
Add a new tag
Caveats
  • Supply blocks, unpowered buildings, or Contaminate may cause inaccurate times.
  • Supply counts are checked every 10 seconds.